AoeStats
← Navix de los Bosques de Lituania

Arabia

504646031Analyzed
3v3 RM · 26d ago on Sep 6, 2026· 13m 52s· 6 players
Game mode
Random Map
Map size
Normal (6 player)
Population
200
Speed
Normal
Resources
Standard
Victory
Conquest
Starting age
Dark Age
Ending age
Imperial Age
RankedLock teamsTeams togetherTeam positionsShared explorationLock speedFull tech treeHidden civsTurbo modeCheats
Victory
Defeat
🇨🇴 Persians · Colombia
715
+15
697
+16
🇦🇺 Bohemians · Australia
655
+18
🇺🇸 Japanese · United States
775
-19
🇵🇪 Persians · Peru
727
-18
🇵🇪 Inca · Peru
592
-12
Navix de los Bosques de Lituania
4:13 Loom
11:15 Feudal Age
11:19 Man-at-Arms
11:44 Arson
12:02 Long Swordsman
13:26 Scale Mail Armor
Derzer
10:19 Feudal Age
12:42 Man-at-Arms
THENEYK
11:38 Feudal Age
XMav
5:16 Loom
11:11 Feudal Age
11:47 Double-Bit Axe
11:45 Horse Collar
MAHORAGA
12:06 Feudal Age
10:33 Loom
13:32 Wheelbarrow
TORRES
13:32 Feudal Age
Connection lost

Rejoining the realm…

Still unreachable

The connection could not be restored.

Session expired

The server has moved on; the page needs a fresh start.